 Dungeon Crawl Stone Soup version 0.21.0-3-g78d12a8bdd (webtiles) character file.

2020 Vifid the Magician (level 9, -1/69 HPs)
             Began as a Gnoll Skald on Jan 11, 2018.
             Slain by an orc warrior
             ... wielding a +0 trident
              (18 damage)
             ... on level 6 of the Dungeon.
             The game lasted 00:15:51 (6438 turns).

Vifid the Magician (Gnoll Skald)                    Turns: 6438, Time: 00:15:53

Health: -1/69      AC:  6    Str: 16    XL:     9   Next: 23%
Magic:  36/36      EV: 15    Int: 16    God:
Gold:   199        SH:  0    Dex: 15    Spells: 9/20 levels left

rFire    + . .     SeeInvis .   E - +6 scythe (venom)
rCold    + . .     Gourm    .   (shield currently unavailable)
rNeg     . . .     Faith    .   b - +0 leather armour
rPois    .         Spirit   .   a - +0 helmet
rElec    .         Reflect  .   A - scarf {rC+ rF+}
rCorr    .         Harm     +   (no gloves)
MR       .....                  D - +0 pair of boots
Stlth    ++........             y - amulet of harm
HPRegen  0.21/turn              e - ring of magical power
MPRegen  0.25/turn              u - ring of magical power

@: infused
A: distributed training, fangs 1, strong nose
a: no special abilities


You were on level 6 of the Dungeon.
You were not hungry.

You visited 1 branch of the dungeon, and saw 6 of its levels.

You collected 199 gold pieces.

Inventory:

Hand Weapons
 m - a +0 antimagic hand axe
 w - a +0 flail of draining
 B - a +6 quarterstaff of chaos
 E - a +6 scythe of venom (weapon)
 F - a +2 dagger of protection
 G - a +0 war axe
Missiles
 q - 98 bolts
Armour
 a - a +0 helmet (worn)
 b - a +0 leather armour (worn)
 A - a scarf of resistance (worn)
 D - a +0 pair of boots (worn)
Jewellery
 e - a ring of magical power (left hand)
 f - an uncursed ring of resist corrosion
 l - an uncursed ring of see invisible
 r - an uncursed ring of flight
 u - a ring of magical power (right hand)
 y - an amulet of harm (around neck)
Wands
 z - a wand of disintegration (7)
 L - a wand of iceblast (19)
Scrolls
 i - 3 scrolls of remove curse
 o - 6 scrolls of teleportation
 t - 4 scrolls of identify
 J - a scroll of blinking
 N - a scroll of enchant armour
Potions
 g - a potion of cancellation {unknown}
 h - 2 potions of mutation {unknown}
 j - 2 potions of haste {unknown}
 k - 5 potions of curing {unknown}
 n - a potion of agility {unknown}
 p - 3 potions of lignification {unknown}
 s - 2 potions of brilliance {unknown}
 v - a potion of might {unknown}
 x - a potion of magic {unknown}
 C - 2 potions of flight {unknown}
 K - a potion of resistance {unknown}
 M - 2 potions of heal wounds {unknown}
Books
 c - a book of Battle

   Spells                             Type                      Level
   a - Infusion                       Charms                       1
   b - Shroud of Golubria             Charms/Translocation         2
   c - Song of Slaying                Charms                       2
   d - Spectral Weapon                Hexes/Charms                 3
   e - Regeneration                   Charms/Necromancy            3
 H - a book of Minor Magic

   Spells                             Type                      Level
   a - Magic Dart                     Conjuration                  1
   b - Blink                          Translocation                2
   c - Call Imp                       Summoning                    2
   d - Slow                           Hexes                        2
   e - Conjure Flame                  Conjuration/Fire             3
   f - Mephitic Cloud                 Conjuration/Poison/Air       3
Comestibles
 d - 9 rations
 I - 3 chunks of flesh


   Skills:
 + Level 6.1 Fighting
 + Level 4.0 Short Blades
 + Level 4.0 Long Blades
 + Level 6.1 Axes
 + Level 4.0 Maces & Flails
 + Level 4.0 Polearms
 + Level 4.0 Staves
 + Level 4.0 Slings
 + Level 4.0 Bows
 + Level 4.0 Crossbows
 + Level 4.0 Throwing
 + Level 4.8 Armour
 + Level 6.1 Dodging
 + Level 4.0 Stealth
 + Level 4.0 Shields
 + Level 4.0 Unarmed Combat
 + Level 6.4 Spellcasting
 + Level 3.2 Conjurations
 + Level 3.2 Hexes
 + Level 6.4 Charms
 + Level 3.2 Summonings
 + Level 3.2 Necromancy
 + Level 3.2 Translocations
 + Level 3.2 Transmutations
 + Level 3.2 Fire Magic
 + Level 3.2 Ice Magic
 + Level 3.2 Air Magic
 + Level 3.2 Earth Magic
 + Level 3.2 Poison Magic
 + Level 4.3 Invocations
 + Level 4.0 Evocations


You had 9 spell levels left.
You knew the following spells:

 Your Spells              Type           Power        Failure   Level  Hunger
a - Infusion              Chrm           ####         1%          1    None
b - Song of Slaying       Chrm           ####....     1%          2    None
c - Shroud of Golubria    Chrm/Tloc      ###.......   3%          2    None
d - Regeneration          Chrm/Necr      ###.......   6%          3    ##.....
e - Spectral Weapon       Hex/Chrm       ###.....     6%          3    ##.....


Dungeon Overview and Level Annotations

Branches:
Dungeon (6/15)
 Temple: D:4-7

Altars:
Elyvilon
Gozag
Makhleb

Shops:
D:5 *


Innate Abilities, Weirdness & Mutations

Your experience applies equally to all skills.
You have very sharp teeth.
Your uncanny sense of smell can sniff out nearby items.


Message History

You are too injured to fight recklessly!
You are too injured to fight recklessly!
You are too injured to fight recklessly!
Attack whom?
Press: ? - help, Dir - move target cursor, f/p - orc warrior
Aim: an orc warrior, wielding a trident and wearing a plate armour (heavily wounded, poisoned)
You reach to attack!
You closely miss the orc warrior.
The orc warrior is heavily wounded.
The orc barely misses you. The orc warrior barely misses you.
The orc misses you.
Attack whom?
Press: ? - help, Dir - move target cursor, f/p - orc warrior
Aim: an orc warrior, wielding a trident and wearing a plate armour (heavily wounded, poisoned)
You reach to attack!
You closely miss the orc warrior.
The orc warrior is heavily wounded.
The orc warrior hits you from afar with a trident!
* * * LOW HITPOINT WARNING * * *
The orc misses you.
The orc warrior hits you from afar with a trident!
You die...

....#....# ∆ ....'....#
...# ##+##....#
...####### #........#
#......... #........#
#......... #........#
#......... '........#
#.........
#..).....######..oo.....
..########......@.#
..#...# #........#
..#...# #........#
..#...# #........#
..#..#####........#
###.................
.#....#.............#
.#....#.............#
#####'#.............#


You could see an orc warrior and an orc.

Vanquished Creatures
  The ghost of Ge0ff the Magician, a novice DEIE (D:6)
  Grinder (D:3)
  Sigmund (D:3)
  A black bear (D:6)
  An ice beast (D:5)
  An ogre (D:6)
  A bullfrog (D:6)
  A jelly (D:5)
  5 hounds
  Crazy Yiuf (D:2)
  8 orc priests
  An iguana (D:4)
  6 orc wizards
  Natasha (D:2)
  4 worker ants
  A howler monkey zombie (D:6)
  Robin (D:4)
  8 adders
  An adder skeleton (D:6)
  A worm (D:2)
  2 dart slugs (D:1)
  5 leopard geckos
  30 orcs
  4 giant cockroaches
  22 goblins
  13 hobgoblins
  5 kobolds
  2 quokkas
  12 bats
  11 frilled lizards
  2 quokka skeletons
  11 rats
  2 fungi (D:2)
167 creatures vanquished.

Vanquished Creatures (others)
  A hobgoblin (D:3)
  A quokka (D:3)
2 creatures vanquished.

Grand Total: 169 creatures vanquished

Notes
Turn   | Place    | Note
-------+----------+-------------------------------------------
     0 | D:1      | Vifid the Gnoll Skald began the quest for the Orb.
     0 | D:1      | Reached XP level 1. HP: 20/20 MP: 6/6
    41 | D:1      | Reached XP level 2. HP: 26/26 MP: 7/7
   425 | D:1      | Learned a level 2 spell: Song of Slaying
   428 | D:1      | Learned a level 2 spell: Shroud of Golubria
   450 | D:1      | Reached XP level 3. HP: 31/31 MP: 9/9
   486 | D:1      | Reached skill level 5 in Spellcasting
   644 | D:1      | Reached skill level 1 in Invocations
   957 | D:2      | Reached skill level 1 in Short Blades
   957 | D:2      | Reached skill level 1 in Long Blades
   957 | D:2      | Reached skill level 1 in Maces & Flails
   957 | D:2      | Reached skill level 1 in Polearms
   957 | D:2      | Reached skill level 1 in Staves
   957 | D:2      | Reached skill level 1 in Slings
   957 | D:2      | Reached skill level 1 in Bows
   957 | D:2      | Reached skill level 1 in Crossbows
   957 | D:2      | Reached skill level 1 in Throwing
   957 | D:2      | Reached skill level 1 in Stealth
   957 | D:2      | Reached skill level 1 in Shields
   957 | D:2      | Reached skill level 1 in Unarmed Combat
   957 | D:2      | Reached skill level 1 in Evocations
   957 | D:2      | Reached XP level 4. HP: 36/38 MP: 11/11
  1170 | D:2      | Reached skill level 1 in Conjurations
  1170 | D:2      | Reached skill level 1 in Hexes
  1170 | D:2      | Reached skill level 1 in Summonings
  1170 | D:2      | Reached skill level 1 in Necromancy
  1170 | D:2      | Reached skill level 1 in Translocations
  1170 | D:2      | Reached skill level 1 in Transmutations
  1170 | D:2      | Reached skill level 1 in Fire Magic
  1170 | D:2      | Reached skill level 1 in Ice Magic
  1170 | D:2      | Reached skill level 1 in Air Magic
  1170 | D:2      | Reached skill level 1 in Earth Magic
  1170 | D:2      | Reached skill level 1 in Poison Magic
  1289 | D:2      | Learned a level 3 spell: Regeneration
  1293 | D:2      | Learned a level 3 spell: Spectral Weapon
  1537 | D:2      | Found a runed door.
  1542 | D:2      | Noticed Crazy Yiuf
  1551 | D:2      | Killed Crazy Yiuf
  1551 | D:2      | Reached XP level 5. HP: 13/43 MP: 12/12
  1855 | D:2      | Noticed Natasha
  1873 | D:2      | Killed Natasha
  1929 | D:2      | Found a burning altar of Makhleb.
  2119 | D:3      | Noticed Grinder
  2124 | D:3      | Paralysed by Grinder for 5 turns
  2135 | D:3      | Killed Grinder
  2135 | D:3      | Reached skill level 5 in Fighting
  2135 | D:3      | Reached skill level 5 in Axes
  2135 | D:3      | Reached skill level 5 in Dodging
  2135 | D:3      | Reached XP level 6. HP: 41/51 MP: 14/14
  2194 | D:3      | Found a white marble altar of Elyvilon.
  2446 | D:3      | Reached XP level 7. HP: 45/56 MP: 15/15
  2940 | D:3      | Noticed Sigmund
  2946 | D:3      | Killed Sigmund
  3784 | D:4      | Noticed Robin
  3817 | D:4      | Killed Robin
  4081 | D:4      | Reached XP level 8. HP: 56/63 MP: 16/16
  4947 | D:5      | Entered Level 5 of the Dungeon
  5410 | D:5      | Found Coniti's Assorted Antiques.
  5895 | D:6      | Found an opulent altar of Gozag.
  6103 | D:6      | Noticed Ge0ff's ghost (novice DEIE)
  6113 | D:6      | Killed Ge0ff's ghost
  6113 | D:6      | Reached XP level 9. HP: 46/69 MP: 18/18
  6438 | D:6      | Slain by an orc warrior

Skill      XL: |  1  2  3  4  5  6  7  8  9 |
---------------+----------------------------+-----
Spellcasting   | 5 6 |  6.4
Invocations    | 1 2 3 4 |  4.3
Short Blades   | 1 2 3 4 |  4.0
Long Blades    | 1 2 3 4 |  4.0
Maces & Flails | 1 2 3 4 |  4.0
Polearms       | 1 2 3 4 |  4.0
Staves         | 1 2 3 4 |  4.0
Slings         | 1 2 3 4 |  4.0
Bows           | 1 2 3 4 |  4.0
Crossbows      | 1 2 3 4 |  4.0
Throwing       | 1 2 3 4 |  4.0
Stealth        | 1 2 3 4 |  4.0
Shields        | 1 2 3 4 |  4.0
Unarmed Combat | 1 2 3 4 |  4.0
Evocations     | 1 2 3 4 |  4.0
Conjurations   | 1 2 3 |  3.2
Hexes          | 1 2 3 |  3.2
Summonings     | 1 2 3 |  3.2
Necromancy     | 1 2 3 |  3.2
Translocations | 1 2 3 |  3.2
Transmutations | 1 2 3 |  3.2
Fire Magic     | 1 2 3 |  3.2
Ice Magic      | 1 2 3 |  3.2
Air Magic      | 1 2 3 |  3.2
Earth Magic    | 1 2 3 |  3.2
Poison Magic   | 1 2 3 |  3.2
Armour         | 3 4 |  4.8
Fighting       | 5 6 |  6.1
Axes           | 5 6 |  6.1
Dodging        | 5 6 |  6.1
Charms         | 6 |  6.4

Action                   |  1- 3 |  4- 6 |  7- 9 || total
-------------------------+-------+-------+-------++-------
Melee: Hand axe          |    98 |    38 |       ||   136
       Bite              |     6 |    10 |    13 ||    29
       Quarterstaff      |       |    41 |    36 ||    77
       Scythe            |       |       |   127 ||   127
 Cast: Infusion          |     2 |     6 |     9 ||    17
       Spectral Weapon   |       |       |     7 ||     7
       Regeneration      |       |       |     1 ||     1
  Use: Scroll            |       |     8 |     2 ||    10
 Stab: Sleeping          |     2 |     1 |     4 ||     7
       Distracted        |       |     1 |       ||     1
  Eat: Chunk             |       |     5 |    13 ||    18
Armor: Leather armour    |    16 |    18 |    42 ||    76
Dodge: Dodged            |    93 |    42 |   122 ||   257
